 Dungeon Crawl Stone Soup version 0.30-a0-596-g0af90f9a20 (console) character file.

Game seed: 10474354646179590853

75 Lianjan the Poker (level 4, 0/37 (44) HPs)
             Began as an Ogre Reaver on Jan 7, 2023.
             Succumbed to an adder's poison
             ... on level 3 of the Dungeon.
             The game lasted 00:09:03 (2341 turns).

Lianjan the Poker (Ogre Reaver)                     Turns: 2341, Time: 00:09:03

HP:   0/37 (44)     AC:  4    Str: 16    XL:     4   Next: 31%
MP:   7/7           EV:  9    Int: 16    God:
Gold: 79            SH:  0    Dex:  7    Spells: 6/7 levels left

rFire   . . .      SeeInvis .    a - +0 spear
rCold   . . .      Faith    .    (no shield)
rNeg    . . .      Spirit   .    b - +0 robe
rPois   .          Reflect  .    (helmet restricted)
rElec   .          Harm     .    (no cloak)
rCorr   .          Rampage  .    (gloves unavailable)
Will    .....                    (boots unavailable)
Stlth   +                        (no amulet)
HPRegen 0.26/turn                (no ring)
MPRegen 0.10/turn                (no ring)

@: mighty, lethally poisoned (0 -> -3), heavily drained, invisible
A: large, unfitting armour, tough skin 1, iridescent scales 1, deformed body,
deterioration 1
a: no special abilities


You were on level 3 of the Dungeon.
You visited 1 branch of the dungeon, and saw 3 of its levels.

You collected 79 gold pieces.

Inventory:

Hand Weapons
 a - a +0 spear (weapon)
Missiles
 m - 19 stones
Armour
 b - a +0 robe (worn)
Scrolls
 e - 3 scrolls of magic mapping {unknown}
 f - a scroll of butterflies {unknown}
 g - a scroll of fear {unknown}
 h - 2 scrolls of identify {unknown}
 j - 2 scrolls of teleportation {unknown}
 l - 2 scrolls of enchant weapon {unknown}
 n - a scroll of brand weapon {unknown}
Potions
 c - a potion of might


   Skills:
 - Level 2.6 Fighting
 + Level 4.3 Polearms
 - Level 1.7 Dodging
 - Level 2.4 Spellcasting
 - Level 2.6 Conjurations
 + Level 2.0 Necromancy


You had 6 spell levels left.
You knew the following spells:

 Your Spells              Type           Power      Damage    Failure   Level
a - Kiss of Death         Conj/Necr      36%        2d8       8%          1

Your spell library contained the following spells:

 Spells                   Type           Power      Damage    Failure   Level
 Momentum Strike          Conj/Tloc      12%        3d8       17%         2
 Cigotuvi's Dreadful Rot  Necr/Pois/Air  8%         N/A       22%         2
 Poisonous Vapours        Pois/Air       2%         N/A       30%         2
 Hailstorm                Conj/Ice       6%         3d4       34%         3
 Mephitic Cloud           Conj/Pois/Air  4%         N/A       38%         3
 Anguish                  Hex/Necr       2%         N/A       78%         4
 Enfeeble                 Hex            0%         N/A       100%        7


Dungeon Overview and Level Annotations

Branches:
Dungeon (3/15)

Altars:
Elyvilon


Innate Abilities, Weirdness & Mutations

You are too large for most types of armour.
You have tough skin. (AC +1)
You are partially covered in iridescent scales. (AC +2)
Armour fits poorly on your strangely shaped body.
Your body sometimes deteriorates upon taking damage.


Message History

You are more poisoned.
The adder poisons you!
You barely miss the adder.
The adder is severely wounded.
You feel sick. The adder bites you but does no damage.
The orc barely misses you.
You barely miss the adder.
The adder is severely wounded.
You feel sick. The adder bites you but does no damage.
The orc hits you with a +0 flail!
You hit the adder but do no damage.
The adder is severely wounded.
You feel sick. The adder closely misses you. The orc hits you with a +0 flail!
* * * LOW HITPOINT WARNING * * *
Casting: Kiss of Death (safe; 8% risk of failure)
Confirm with . or Enter, or press ? or * to list all spells.
Aiming: Kiss of Death (safe; 8% risk of failure)
Press: ? - help, Shift-Dir - straight line, f - orc, p - adder
Aim: an orc, wielding a +0 flail and wearing a +0 leather armour (100% to hit)
The negative energy hits the orc.
The orc is drained!
You kill the orc!
You feel drained.
You feel sick. The adder bites you.
* * * LOW HITPOINT WARNING * * *
You are more poisoned.
The adder poisons you! The adder bites you.
* * * LOW HITPOINT WARNING * * *
It was a potion of might.
You feel very mighty all of a sudden.
* * * LOW HITPOINT WARNING * * *
You feel sick. The adder bites you but does no damage.
It was a potion of magic.
Magic courses through your body.
* * * LOW HITPOINT WARNING * * *
You feel sick. The adder bites you.
* * * LOW HITPOINT WARNING * * *
It was a potion of mutation.
You feel extremely strange.
Iridescent scales grow over part of your body.
You feel yourself wasting away.
Your body twists and deforms.
* * * LOW HITPOINT WARNING * * *
You feel sick. The adder barely misses you.
The adder bites you but does no damage.
It was a potion of invisibility.
You fade into invisibility!
You die...

.................#...............
...##....... .. #...............
.....#........ ##................
.....#........##..#..............
.....# .. .......##........#####+
.....# ...........###..#......
...... ...................... ##.
. ...................... ...
#.......#..........
.....#)......#..........
..>...S@..##.#..........
....########.#.......... .
#.#.......... #.#..........
#.#.......... #.#..........
.#.......... #..........
#.......... #....###### #....#


You could see an adder (unable to see you).

Vanquished Creatures
  2 adders
  A dart slug (D:2)
  An orc (D:3)
  7 bats
  6 endoplasms
  2 giant cockroaches
  7 goblins
  5 hobgoblins
  A quokka (D:1)
  6 ball pythons
  3 frilled lizards
  5 kobolds
  5 rats (D:1)
51 creatures vanquished.

Vanquished Creatures (others)
  A plant (D:1)
1 creature vanquished.

Grand Total: 52 creatures vanquished

Notes
Turn   | Place    | Note
-------+----------+-------------------------------------------
     0 | D:1      | Lianjan the Ogre Reaver began the quest for the Orb.
     0 | D:1      | Reached XP level 1. HP: 22/22 MP: 3/3
   189 | D:1      | Reached XP level 2. HP: 29/29 MP: 5/5
   227 | D:1      | Found a faded altar of an unknown god.
   361 | D:1      | Reached skill level 1 in Necromancy
   376 | D:1      | Reached XP level 3. HP: 13/36 MP: 6/6
  1087 | D:2      | Reached skill level 4 in Polearms
  1768 | D:3      | Reached XP level 4. HP: 29/44 MP: 7/7
  2052 | D:3      | Found a white marble altar of Elyvilon.
  2339 | D:3      | HP: 1/37 [adder (2)]
  2340 | D:3      | Gained mutation: You are partially covered in iridescent
                  | scales. (AC +2) [potion of mutation]
  2340 | D:3      | Gained mutation: Your body sometimes deteriorates upon
                  | taking damage. [potion of mutation]
  2340 | D:3      | Gained mutation: Armour fits poorly on your strangely
                  | shaped body. [potion of mutation]
  2341 | D:3      | Succumbed to an adder's poison

Illustrated notes

Levels and vault maps discovered:
D:1:      lightli_arrival_maybe_door_vault, layout_loops_ring,
          shapermc_ecumenical_altar_mp_ritualfount
D:2:      layout_basic
D:3:      layout_basic, mainiacjoe_overflow_alcove_1, uniq_natasha

Skill      XL: |  1  2  3  4 |
---------------+-------------+-----
Necromancy     | 1 2 |  2.0
Polearms       | 4 |  4.3
Fighting       | |  2.6
Dodging        | |  1.7
Spellcasting   | |  2.4
Conjurations   | |  2.6

Action                   |  1- 3 |  4- 6 || total
-------------------------+-------+-------++-------
Melee: Spear             |   174 |    33 ||   207
       Punch             |     1 |       ||     1
 Cast: Kiss of Death     |       |     1 ||     1
  Use: Potion            |       |     4 ||     4
 Stab: Sleeping          |     1 |       ||     1
Armor: Robe              |    38 |    10 ||    48
Dodge: Dodged            |    56 |    10 ||    66

Table legend: (Time is in decaauts)
 A = Elapsed time spent in this place.
 B = Non-inter-level travel time spent in this place.
 C = Inter-level travel time spent in this place.
 D = Time resting spent in this place.
 E = Time spent auto-exploring this place.
 F = Levels seen in this place.
 G = Mean time per level.
                   A        B        C        D        E       F      G
               +--------+--------+--------+--------+--------+-----+--------+
         Total |   2322 |   2271 |     51 |    184 |   1652 |   3 |  774.0 |
       Dungeon |   2322 |   2271 |     51 |    184 |   1652 |   3 |  774.0 |
               +--------+--------+--------+--------+--------+-----+--------+

Top non-repeatable levels by time:
     D:1: 896 daAuts
     D:2: 760 daAuts
     D:3: 665 daAuts
